 Dungeon Crawl Stone Soup version 0.25.1-9-gc5326a611f (webtiles) character file.

Game seed: 616999497335555564

34577 DildoBatman the Geomancer (level 14, -3/109 HPs)
             Began as a Formicid Wizard on Dec 30, 2020.
             Was the Champion of Kikubaaqudgha.
             Slain by a balrug
             ... wielding a +2 vampiric demon whip
              (18 damage)
             ... in a Gauntlet.
             The game lasted 01:21:15 (15288 turns).

DildoBatman the Geomancer (Formicid Wizard)        Turns: 15288, Time: 01:21:15

Health: -3/109     AC: 14    Str: 12    XL:     14   Next: 14%
Magic:  15/33      EV: 14    Int: 29    God:    Kikubaaqudgha [******]
Gold:   1729       SH: 10    Dex:  9    Spells: 6/27 levels left

rFire    . . .     SeeInvis +   a - +4 double sword
rCold    . . .     Gourm    .   S - +0 kite shield
rNeg     . . .     Faith    .   o - +1 troll leather armour
rPois    .         Spirit   .   (helmet unavailable)
rElec    .         Reflect  .   P - +2 cloak
rCorr    .         Harm     .   B - +1 pair of gloves
MR       +....                  D - +0 pair of boots
Stlth    ++........             y - amulet of the acrobat
HPRegen  0.68/turn              L - +6 ring of intelligence
MPRegen  0.23/turn              C - ring of magical power

@: mighty, brilliant, stab
A: permanent stasis, dig shafts and tunnels, four strong arms, antennae 3
a: Dig, Shaft Self, Receive Corpses, Torment, Renounce Religion


You were in a Gauntlet.
You worshipped Kikubaaqudgha.
Kikubaaqudgha was exalted by your worship.
You were hungry.

You visited 3 branches of the dungeon, and saw 16 of its levels.
You also visited: Gauntlet and Volcano.

You collected 1729 gold pieces.

Inventory:

Hand Weapons
 a - a +4 double sword (weapon)
 d - a +4 scimitar of flaming
 K - a +4 spear of freezing
Missiles
 h - 11 curare-tipped darts (quivered)
 m - 53 poisoned darts
 s - 3 atropa-tipped darts
 F - 13 javelins
 M - 2 throwing nets
Armour
 o - a +1 troll leather armour (worn)
 B - a +1 pair of gloves (worn)
 D - a +0 pair of boots (worn)
 P - a +2 cloak (worn)
 S - a +0 kite shield (worn)
Magical Staves
 E - an uncursed staff of earth
 W - an uncursed staff of poison
Jewellery
 p - a +4 ring of protection
 q - an uncursed ring of positive energy
 r - an uncursed ring of protection from magic
 y - an amulet of the acrobat (around neck)
 C - a ring of magical power (right hand)
 L - a +6 ring of intelligence (left hand)
Wands
 e - a wand of paralysis (9)
 f - a wand of disintegration (13)
 G - a wand of iceblast (7)
 V - a wand of clouds (5)
Scrolls
 i - 2 scrolls of fear
 n - 3 scrolls of enchant weapon
 x - 6 scrolls of remove curse
 Z - 2 scrolls of immolation
Potions
 g - 2 potions of lignification
 j - 2 potions of curing
 t - 2 potions of might
 u - 2 potions of cancellation {unknown}
 z - 2 potions of resistance {unknown}
 H - a potion of ambrosia
 J - a potion of invisibility
 Q - a potion of magic {unknown}
 U - a potion of flight
 Y - a potion of degeneration {unknown}
Comestibles
 v - 23 rations


   Skills:
 * Level 9.7 Fighting
 * Level 9.7 Armour
 - Level 7.0 Dodging
 - Level 2.4 Stealth
 - Level 9.0 Shields
 * Level 7.0 Spellcasting
 - Level 4.0 Conjurations
   Level 1.0 Summonings
 - Level 9.0 Necromancy
   Level 0.8 Translocations
 - Level 5.0 Fire Magic
 - Level 4.0 Air Magic
 - Level 11.0 Earth Magic
 - Level 4.0 Poison Magic


You had 6 spell levels left.
You knew the following spells:

 Your Spells              Type           Power        Failure   Level  Hunger
a - Conjure Flame         Conj/Fire      ######..     3%          3    None
b - Borgnjor's Vile Clut  Necr/Erth      #######...   2%          5    None
c - Magic Dart            Conj           ####         1%          1    None
d - Vampiric Draining     Necr           #######...   1%          3    None
e - Mephitic Cloud        Conj/Pois/Air  ######..     3%          3    None
h - Dispel Undead         Necr           #######.     1%          4    None
z - Sublimation of Blood  Necr           #######...   1%          2    None

Your spell library contained the following spells:

 Spells                   Type           Power        Failure   Level  Hunger
 Animate Skeleton         Necr           N/A          1%          1    None
 Foxfire                  Conj/Fire      ####         1%          1    None
 Pain                     Necr           ####         1%          1    None
 Corpse Rot               Necr/Air       N/A          1%          2    None
 Animate Dead             Necr           N/A          1%          4    None
 Apportation              Tloc           ###...       4%          1    None
 Summon Small Mammal      Summ           ###.         4%          1    None
 Corona                   Hex            ###....      6%          1    None
 Call Imp                 Summ           ###.....     6%          2    None
 Petrify                  Tmut/Erth      ######..     6%          4    None
 Inner Flame              Hex/Fire       #####...     7%          3    None
 Slow                     Hex            ###.....     10%         2    None
 Sticky Flame             Conj/Fire      ######..     10%         4    None
 Gell's Gravitas          Tloc           ###.......   13%         3    None
 Confusing Touch          Hex            ###.....     19%         3    None
 Death Channel            Necr           #######...   24%         6    None
 Fireball                 Conj/Fire      ######....   26%         5    None
 Simulacrum               Ice/Necr       ######....   83%         6    None
 Metabolic Englaciation   Hex/Ice        ###.......   86%         5    None
 Yara's Violent Unravell  Hex/Tmut       ###.......   86%         5    None
 Haunt                    Necr/Summ      ######....   100%        7    None
 Borgnjor's Revivificati  Necr           #######...   100%        8    None
 Death's Door             Chrm/Necr      ######....   100%        8    None
 Infestation              Necr           #######...   100%        8    None
 Necromutation            Tmut/Necr      ######....   100%        8    None
 Blink                    Tloc           Unusable     N/A         2    N/A

Dungeon Overview and Level Annotations

Branches:
Dungeon (13/15)            Temple (1/1) D:7            Lair (0/6) D:11
    Orc (2/2) D:12            Elf (0/3) Orc:2       Volcano (visited)
Gauntlet (1/1)
 Vaults: D:13-14

Altars:
Ashenzari
Cheibriados
Dithmenos
Elyvilon
Fedhas
Gozag
Hepliaklqana
Kikubaaqudgha
Makhleb
Nemelex Xobeh
Okawaru
Qazlal
Ru
Sif Muna
Trog
Uskayaw
Vehumet
Wu Jian
Xom
Yredelemnul
Zin
The Shining One
Beogh

Shops:
D:7 (%*[=   D:9 %   D:11 *   Orc:2 [:%(

Annotations:
D:7 exclusion: oklob plant
D:13 1 exclusion, Erolcha Gauntlet 11 transporters, exclusions: ice statue and obsidian statue


Innate Abilities, Weirdness & Mutations

You cannot be hasted, slowed, berserked, paralysed or teleported.
You can dig through walls and to a lower floor.
Your four strong arms can wield two-handed weapons with a shield.
You have a pair of large antennae on your head. (SInv)


Message History

The zombie hands constrict the hell hound!
You kill the hell hound!
Kikubaaqudgha accepts your kill.
The balrug hits you with a +2 vampiric demon whip!
You are engulfed in flames!!
The balrug draws strength from your wounds!
The balrug closely misses you.
You slash the balrug!
The balrug is moderately wounded.
The zombie hands constrict the balrug!
The balrug hits you but does no damage.
The balrug hits you with a +2 vampiric demon whip!
You are engulfed in flames!!
The balrug draws strength from your wounds!
You feel better.
The zombie hands constrict the balrug!
The balrug hits you with a +2 vampiric demon whip!
You are engulfed in flames!!
You die...
Kikubaaqudgha rasps: "You have failed me!
Welcome... death!"

..........≈....#.©.#.....#8#
#########...###########..###
..?©...##...#..!(©!".h#..#
#.....#.#...#.#....^#h#..###
.#...#..#...#2##...##.#..#8#
..#.#...#...#.^#####^.#..###
...#....#...#....©....#..#
..#©#...#...#.^##2##..#..###
.#...#.t#...#.##@†.##.#..#8#
#.....#b#.∩.#.#..†..#.#..###
......b##...#.........#..#
#########...###########..###
...©.............©.......#8#
.........≈∩≈............≈###
########################## #
#8# #8# #8# #8# #8# #8# #
### ### ### ### ### ###


You could see a balrug (clutched).

Vanquished Creatures
  Rupert (D:13)
  Snorg (D:13)
  Josephine (Orc:1)
  Harold (D:11)
  A centaur warrior (Orc:2)
  Erica (D:8)
  5 two-headed ogres
  Urug (D:10)
  Sonja (D:11)
  3 unseen horrors
  2 orc knights (Orc:2)
  6 ugly things
  Pikel (D:7)
  A harpy (shapeshifter) (D:11)
  A cyclops (D:11)
  A deep elf mage (D:13)
  2 manticores
  2 centaur zombies
  Maurice (D:9)
  A komodo dragon (D:11)
  An efreet (Volcano)
  A kobold demonologist (D:13)
  2 tengu conjurers (D:13)
  6 trolls
  A meliai (shapeshifter) (D:13)
  Grinder (D:3)
  A meliai zombie (D:12)
  3 hippogriffs
  A wyvern (D:9)
  4 wraiths
  3 yaks (D:10)
  4 hogs (D:7)
  4 humans
  3 fire elementals (Volcano)
  A steam dragon (D:10)
  A hungry ghost (D:9)
  2 wargs
  2 hell hounds (Gauntlet)
  31 orc warriors
  2 phantoms
  3 ice beasts
  4 slaves (D:7)
  A black bear (D:7)
  2 sky beasts
  15 ogres
  A necrophage (D:7)
  15 centaurs
  7 big kobolds
  4 bullfrogs
  2 gnoll sergeants
  2 scorpions
  6 wights
  3 howler monkeys
  5 crimson imps
  8 hounds
  A bullfrog zombie (D:5)
  A jelly (D:11)
  9 orc priests
  3 bullfrog skeletons
  4 centaur skeletons
  6 iguanas
  6 worker ants
  20 orc wizards
  A hound zombie (D:7)
  A hound skeleton (D:7)
  Robin (D:3)
  2 worker ant zombies
  10 gnolls
  13 adders
  2 shadow imps
  3 adder skeletons (D:4)
  2 adder zombies
  3 worms (D:3)
  A dart slug (D:3)
  2 leopard geckos
  84 orcs
  8 bats
  5 giant cockroaches
  15 goblins
  10 hobgoblins
  13 jackals
  17 kobolds
  4 quokkas
  4 ball pythons
  5 frilled lizards
  A giant cockroach zombie (D:5)
  A jackal skeleton (D:9)
  2 leopard gecko skeletons
  A quokka skeleton (D:8)
  9 rats
456 creatures vanquished.

Vanquished Creatures (others)
  An orc (Orc:2)
  A kobold (D:8)
  A quokka (D:8)
  5 demonic plants (Gauntlet)
  30 plants (D:11)
38 creatures vanquished.

Grand Total: 494 creatures vanquished

Notes
Turn   | Place    | Note
-------+----------+-------------------------------------------
     0 | D:1      | DildoBatman the Formicid Wizard began the quest for the
                  | Orb.
     0 | D:1      | Reached XP level 1. HP: 13/13 MP: 4/4
    85 | D:1      | Reached skill level 1 in Conjurations
   257 | D:1      | Reached XP level 2. HP: 19/19 MP: 6/6
   561 | D:1      | Reached XP level 3. HP: 24/24 MP: 7/7
   998 | D:2      | Reached XP level 4. HP: 30/30 MP: 0/8
  1004 | D:2      | Learned a level 3 spell: Conjure Flame
  1008 | D:2      | Learned a level 3 spell: Mephitic Cloud
  1028 | D:2      | Noticed Robin
  1977 | D:3      | Found a sacrificial altar of Ru.
  2151 | D:3      | Reached XP level 5. HP: 35/35 MP: 9/9
  2154 | D:3      | Reached skill level 1 in Poison Magic
  2487 | D:4      | Reached skill level 1 in Fire Magic
  2776 | D:4      | Reached skill level 1 in Air Magic
  2776 | D:4      | Reached XP level 6. HP: 35/41 MP: 7/10
  2809 | D:4      | Noticed Grinder
  3029 | D:5      | Entered Level 5 of the Dungeon
  3398 | D:5      | Reached XP level 7. HP: 41/46 MP: 4/11
  4487 | D:6      | Reached XP level 8. HP: 29/52 MP: 7/12
  5016 | D:7      | Found Opragis's General Store.
  5017 | D:7      | Found Obloguan's Antique Armour Emporium.
  5034 | D:7      | Found a staircase to the Ecumenical Temple.
  5068 | Temple   | Entered the Ecumenical Temple
  5238 | Temple   | Became a worshipper of Kikubaaqudgha
  5593 | D:5      | Reached skill level 5 in Fire Magic
  5724 | D:5      | Reached skill level 1 in Armour
  5778 | D:4      | Reached skill level 1 in Fighting
  5778 | D:4      | Reached skill level 1 in Necromancy
  5953 | D:3      | Killed Robin
  6078 | D:3      | Killed Grinder
  6195 | D:7      | Found a shattered altar of Ashenzari.
  6195 | D:7      | Noticed an oklob plant
  6224 | D:7      | Reached XP level 9. HP: 61/61 MP: 14/14
  6240 | D:7      | Found Lorrem's Jewellery Shop.
  6431 | D:7      | Found Eplatium's Food Shop.
  6525 | D:7      | Reached * piety under Kikubaaqudgha
  6525 | D:7      | Identified Kikubaaqudgha's Handbook of Dark Arts
                  | (Kikubaaqudgha gifted it to you on level 7 of the Dungeon)
  6525 | D:7      | Received a gift from Kikubaaqudgha
  6525 | D:7      | Reached skill level 5 in Spellcasting
  6691 | D:7      | Noticed Pikel
  6704 | D:7      | Killed Pikel
  6704 | D:7      | Reached XP level 10. HP: 72/72 MP: 16/17
  6767 | D:7      | Found Netewk's Weapon Shop.
  6898 | D:8      | Noticed a two-headed ogre
  7186 | D:8      | Noticed Erica
  7243 | D:8      | Learned a level 2 spell: Sublimation of Blood
  7247 | D:8      | Learned a level 3 spell: Vampiric Draining
  7307 | D:8      | Killed Erica
  7307 | D:8      | Reached skill level 5 in Fighting
  7307 | D:8      | Reached skill level 5 in Armour
  7352 | D:8      | Found a white marble altar of Elyvilon.
  7609 | D:8      | Killed a two-headed ogre
  7609 | D:8      | Reached skill level 5 in Dodging
  7609 | D:8      | Reached skill level 5 in Necromancy
  8517 | D:9      | Reached skill level 1 in Shields
  8539 | D:9      | Reached ** piety under Kikubaaqudgha
  8544 | D:9      | Noticed Maurice
  8568 | D:9      | Killed Maurice
  8670 | D:9      | Reached XP level 11. HP: 81/81 MP: 20/20
  8936 | D:9      | Found Duar's Food Emporium.
  9135 | D:10     | Entered Level 10 of the Dungeon
  9159 | D:10     | Noticed an unseen horror
  9159 | D:10     | Noticed Urug
  9175 | D:10     | Reached skill level 5 in Shields
  9292 | D:10     | Killed Urug
  9404 | D:10     | Noticed a two-headed ogre
  9468 | D:10     | Killed a two-headed ogre
  9574 | D:10     | Killed an unseen horror
  9632 | D:10     | Reached *** piety under Kikubaaqudgha
  9632 | D:10     | Identified Kikubaaqudgha's Incunabulum of Sinister Rituals
                  | (Kikubaaqudgha gifted it to you on level 10 of the Dungeon)
  9632 | D:10     | Received a gift from Kikubaaqudgha
  9681 | D:10     | Learned a level 4 spell: Dispel Undead
  9687 | D:10     | Learned a level 5 spell: Borgnjor's Vile Clutch
  9735 | D:10     | Reached skill level 1 in Earth Magic
 10154 | D:11     | Noticed Harold
 10167 | D:11     | Killed Harold
 10167 | D:11     | Reached skill level 3 in Earth Magic
 10261 | D:11     | Noticed Sonja
 10272 | D:11     | Killed Sonja
 10272 | D:11     | Reached skill level 4 in Earth Magic
 10274 | D:11     | Noticed a harpy
 10274 | D:11     | a black bear changed into a harpy
 10284 | D:11     | Killed a harpy
 10284 | D:11     | Reached XP level 12. HP: 20/88 MP: 4/22
 10372 | D:11     | Reached skill level 5 in Earth Magic
 10451 | D:11     | Noticed a two-headed ogre
 10481 | D:11     | Killed a two-headed ogre
 10598 | D:11     | Found Qelargh's General Store.
 10635 | D:11     | Reached skill level 6 in Earth Magic
 10858 | D:11     | Reached skill level 7 in Earth Magic
 10887 | D:11     | Noticed an unseen horror
 10896 | D:11     | Killed an unseen horror
 11048 | D:11     | Found a staircase to the Lair.
 11235 | D:12     | Reached skill level 8 in Earth Magic
 11249 | D:12     | Found a blossoming altar of Fedhas.
 11268 | D:12     | Noticed an unseen horror
 11285 | D:12     | Killed an unseen horror
 11285 | D:12     | Reached **** piety under Kikubaaqudgha
 11391 | D:12     | Reached skill level 9 in Earth Magic
 11448 | D:12     | Noticed a two-headed ogre
 11458 | D:12     | Killed a two-headed ogre
 11481 | D:12     | Reached skill level 10 in Earth Magic
 11669 | D:12     | Reached XP level 13. HP: 88/93 MP: 23/23
 11676 | D:12     | Found a staircase to the Orcish Mines.
 11679 | D:12     | Reached skill level 11 in Earth Magic
 11846 | D:12     | Reached ***** piety under Kikubaaqudgha
 12250 | Orc:1    | Entered Level 1 of the Orcish Mines
 12511 | Orc:1    | Found a dark tunnel.
 12522 | Volcano  | Entered a volcano
 12988 | Orc:1    | Found a roughly hewn altar of Beogh.
 13111 | Orc:1    | Noticed Josephine
 13157 | Orc:1    | Killed Josephine
 13411 | Orc:2    | Entered Level 2 of the Orcish Mines
 13411 | Orc:2    | Found a staircase to the Elven Halls.
 13493 | Orc:2    | Noticed a centaur warrior
 13546 | Orc:2    | Killed a centaur warrior
 14199 | Orc:2    | Found Zufoom's Food Emporium.
 14199 | Orc:2    | Found Veyxka's Book Boutique.
 14201 | Orc:2    | Found Rimpap's Armour Shop.
 14203 | Orc:2    | Found Jifaceny's Antique Weapon Shoppe.
 14728 | D:13     | Noticed Rupert
 14747 | D:13     | Killed Rupert
 14779 | D:13     | Reached XP level 14. HP: 55/108 MP: 2/24
 14810 | D:13     | Noticed Erolcha
 14848 | D:13     | Noticed Snorg
 14859 | D:13     | Killed Snorg
 14897 | D:13     | Reached ****** piety under Kikubaaqudgha
 14926 | D:13     | Found a gate leading to a gauntlet.
 14938 | Gauntlet | Entered a Gauntlet
 14938 | Gauntlet | Found a transporter.
 14938 | Gauntlet | Found a transporter.
 14947 | Gauntlet | Found a transporter.
 14959 | Gauntlet | Found a transporter.
 14961 | Gauntlet | Received a gift from Kikubaaqudgha
 14978 | Gauntlet | Found a transporter.
 14988 | Gauntlet | Found a transporter.
 15003 | Gauntlet | Found a transporter.
 15009 | Gauntlet | Found a transporter.
 15023 | Gauntlet | Found a transporter.
 15040 | Gauntlet | Found a transporter.
 15044 | Gauntlet | Found a transporter.
 15045 | Gauntlet | Noticed a balrug
 15085 | Gauntlet | Found a transporter.
 15288 | Gauntlet | Slain by a balrug

Illustrated notes

Levels and vault maps discovered:
D:1:      noname_arrival_rooms_in_the_neighbourhood, layout_basic,
          hangedman_decor_opposing, minmay_misc_feat_nine_boxes
D:2:      layout_loops_ring, uniq_robin
D:3:      layout_basic, hangedman_ru_absence
D:4:      layout_cave_pools, uniq_grinder
D:5:      minmay_diamond_boxcup, layout_loops_cross, first_ration
D:6:      layout_basic
D:7:      layout_loops_ring, minmay_temple_entry_ruins, serial_shops,
          nicolae_shop_statue_plus, shop_statue, nicolae_shop_waterfront,
          nicolae_shop_crystal, nicolae_shop_temple_entry_statues_fountains,
          minivault_26, grunt_livestock, lemuel_oklob_altar, uniq_pikel
D:8:      layout_basic, elyvilon_altar_4, minmay_misc_feat_plants,
          abandoned_shop, serial_bayou_ford_a, uniq_erica
D:9:      layout_roguey, serial_shops, nicolae_shop_crystal, uniq_maurice
D:10:     layout_small_grid, uniq_urug
D:11:     layout_loops_ring, david_lair_shrubbed, serial_shops, shop,
          mrwooster_statue_mirror, uniq_harold, uniq_sonja
D:12:     layout_loops_cross, kennysheep_orc_monster_closet_entryway,
          fedhas_altar_1
D:13:     layout_loops_cross, grunt_vaults_entry_tiered, gauntlet_entry_generic,
          uniq_erolcha, uniq_rupert, uniq_snorg
Temple:   nicolae_temple_the_god_donut
Orc:1:    layout_caves, nicolae_volcano_entry_lava_flow, basic_altar,
          uniq_josephine
Orc:2:    st_orc_rangers, layout_caves, minmay_orc_keep
Gauntlet: gammafunk_gauntlet_shortcut [gammafunk_gauntlet_arena_split_x,
          gammafunk_gauntlet_arena_open, nicolae_gauntlet_arena_x,
          nicolae_gauntlet_swirl, nicolae_gauntlet_arena_flowing_pool,
          gammafunk_gauntlet_arena_hedges, gauntlet_exit_hidden_loot]

Skill      XL: |  1  2  3  4  5  6  7  8  9 10 11 12 13 |
---------------+----------------------------------------+-----
Conjurations   | 1 2 3 4 |  4.0
Poison Magic   | 2 3 4 |  4.0
Fire Magic     | 1 2 4 5 |  5.0
Air Magic      | 1 2 3 4 |  4.0
Dodging        | 2 4 5 7 |  7.0
Armour         | 2 4 5 6 9 |  9.7
Fighting       | 2 4 5 6 9 |  9.7
Necromancy     | 1 3 5 6 9 |  9.0
Spellcasting   | 5 6 7 |  7.0
Shields        | 3 9 |  9.0
Earth Magic    | 4 10 11 | 11.0
Stealth        | |  2.4
Summonings     | |  1.0
Translocations | |  0.8

Action                   |  1- 3 |  4- 6 |  7- 9 | 10-12 | 13-15 || total
-------------------------+-------+-------+-------+-------+-------++-------
Melee: Dagger            |       |    15 |       |       |       ||    15
       Club              |       |     1 |       |       |       ||     1
       Whip              |       |    10 |     5 |     3 |       ||    18
       Hand axe          |       |       |    60 |    43 |       ||   103
       Spear             |       |       |       |   132 |    30 ||   162
       Double sword      |       |       |       |   147 |   181 ||   328
 Fire: Hunting sling     |       |    60 |    76 |    34 |    18 ||   188
 Cast: Magic Dart        |    86 |   115 |   121 |    68 |    22 ||   412
       Mephitic Cloud    |       |     6 |    20 |    50 |    29 ||   105
       Conjure Flame     |       |     5 |    24 |    59 |    22 ||   110
       Vampiric Draining |       |       |       |    21 |       ||    21
       Borgnjor's Vile C |       |       |       |    20 |    43 ||    63
       Dispel Undead     |       |       |       |     2 |     4 ||     6
       Sublimation of Bl |       |       |       |     1 |     9 ||    10
Invok: Receive Necronomi |       |       |       |       |     1 ||     1
 Abil: Dig               |       |     5 |    18 |    25 |    23 ||    71
Evoke: Wand              |       |       |       |       |     1 ||     1
  Use: Scroll            |       |     4 |     7 |     8 |     5 ||    24
       Potion            |       |       |       |     1 |     9 ||    10
 Stab: Confused          |       |     3 |     3 |    15 |     4 ||    25
       Sleeping          |       |       |     1 |     2 |       ||     3
  Eat: Chunk             |       |     9 |    13 |    24 |    21 ||    67
       Ration            |       |       |       |       |     1 ||     1
Armor: Robe              |     5 |    12 |    16 |    64 |       ||    97
       Animal skin       |       |       |     2 |     6 |       ||     8
       Leather armour    |       |       |       |     5 |       ||     5
       Skin              |       |       |       |     7 |       ||     7
       Troll leather arm |       |       |       |       |    83 ||    83
Dodge: Dodged            |     9 |    36 |    72 |   182 |   155 ||   454
Block: Kite shield       |       |       |       |    75 |   137 ||   212
       Rpst.: Double sword |       |       |       |    27 |    31 ||    58
